 Dungeon Crawl Stone Soup version 0.29.1-1-gd02db6906a (webtiles) character file.

Game seed: 12316064569170087727

135 quakins the Changer (level 4, -1/40 HPs)
             Began as a Troll Transmuter on Oct 17, 2022.
             Slain by Grinder (5 damage)
             ... on level 5 of the Dungeon.
             The game lasted 00:04:13 (2206 turns).

quakins the Changer (Troll Transmuter)              Turns: 2206, Time: 00:04:13

Health: -1/40      AC:  6    Str: 20    XL:     4   Next: 97%
Magic:  13/13      EV:  9    Int:  9    God:
Gold:   183        SH:  0    Dex: 10    Spells: 2/5 levels left

rFire   . . .      SeeInvis .     - Unarmed
rCold   . . .      Faith    .   (no shield)
rNeg    . . .      Spirit   .   a - +0 robe
rPois   .          Reflect  .   (helmet currently unavailable)
rElec   .          Harm     .   v - +1 cloak
rCorr   .          Rampage  .   (gloves unavailable)
Will    .....                   (boots unavailable)
Stlth   +.........              (no amulet)
HPRegen 0.93/turn               h - ring of magical power
MPRegen 0.13/turn               (no ring)

@: appendages
A: horns 2, talons 2, large, unfitting armour, claws 3, regeneration 1, shaggy
fur 1, tough skin 1
a: End Transformation


You were on level 5 of the Dungeon.
You had temporarily grown beastly horns and talons.
You visited 1 branch of the dungeon, and saw 5 of its levels.

You collected 183 gold pieces.

Inventory:

Missiles
 e - 16 poisoned darts
Armour
 a - a +0 robe (worn)
 v - a +1 cloak (worn)
Jewellery
 h - a ring of magical power (left claw)
 m - a ring of positive energy
Wands
 j - a wand of iceblast (13)
Scrolls
 c - 3 scrolls of enchant armour {unknown}
 d - 2 scrolls of immolation {unknown}
 f - a scroll of noise {unknown}
 g - 7 scrolls of identify {unknown}
 i - 2 scrolls of enchant weapon {unknown}
 n - a scroll of butterflies {unknown}
 o - a scroll of amnesia {unknown}
 q - a scroll of fear {unknown}
 r - a scroll of acquirement {unknown}
 s - a scroll of poison {unknown}
 u - a scroll of magic mapping {unknown}
Potions
 b - a potion of lignification
 k - 3 potions of flight {unknown}
 l - 2 potions of curing {unknown}
 p - a potion of degeneration {unknown}
 t - a potion of invisibility {unknown}
 w - a potion of haste {unknown}


   Skills:
 - Level 0.7 Fighting
 - Level 1.5 Dodging
 - Level 3.0 Unarmed Combat
 - Level 1.2 Spellcasting
 * Level 3.9 Transmutations


You had 2 spell levels left.
You knew the following spells:

 Your Spells              Type           Power      Damage    Failure   Level
a - Beastly Appendage     Tmut           14%        N/A       7%          1
b - Wereblood             Tmut           7%         N/A       11%         2

Your spell library contained the following spells:

 Spells                   Type           Power      Damage    Failure   Level
 Passwall                 Tmut/Erth      3%         N/A       24%         2
 Freeze                   Ice            0%         1d3       36%         1
 Sandblast                Erth           0%         2d4       36%         1
 Sublimation of Blood     Necr           0%         N/A       50%         2
 Spider Form              Tmut/Pois      4%         N/A       43%         3
 Frozen Ramparts          Ice            0%         1d1       73%         3
 Stone Arrow              Conj/Erth      0%         3d7       73%         3
 Ice Form                 Ice/Tmut       4%         N/A       85%         4
 Petrify                  Tmut/Erth      4%         N/A       85%         4
 Hailstorm                Conj/Ice       0%         3d3       98%         4
 Irradiate                Conj/Tmut      2%         3d12      99%         5


Dungeon Overview and Level Annotations

Branches:
Dungeon (5/15)
 Temple: D:4-7

Altars:
Elyvilon
Fedhas
Hepliaklqana

Shops:
D:4 =

Annotations:
D:4 Dowan, Duvessa, Sigmund
D:5 Grinder


Innate Abilities, Weirdness & Mutations

You have temporarily grown beastly horns and talons.
You are too large for most types of armour.
You have claws for hands.
Your natural rate of healing is unusually fast.
You are covered in fur. (AC +1)
You have tough skin. (AC +1)


Message History

Grinder is moderately wounded.
Grinder gestures at you. Pain shoots through your body!
You claw Grinder!
Grinder is heavily wounded.
Grinder blinks!
Grinder gestures at you.
You suddenly lose the ability to move!
Grinder hits you but does no damage.
Grinder blinks!
A wight comes into view. It is wielding a +0 dagger.
You can move again.
Casting: Beastly Appendage (safe; 7% risk of failure)
Press: ? - help, Q - select action, (/) - cycle Dir - look around, f - activate You grow a pair of large bovine horns.
Your feet morph into talons.
You scratch Grinder.
Grinder is heavily wounded.
Grinder hits you.
You writhe in agony.
You scratch Grinder. Your kick misses Grinder. Your claw misses Grinder.
Grinder is severely wounded.
Grinder says, "You look like you could use a good racking."
Grinder hits you.
You writhe in agony.
You closely miss Grinder. You headbutt Grinder.
Grinder is severely wounded.
Grinder gestures at you.
You suddenly lose the ability to move!
Grinder hits you. x2
You writhe in agony.
* * * LOW HITPOINT WARNING * * *
Grinder hits you.
* * * LOW HITPOINT WARNING * * *
You writhe in agony.
* * * LOW HITPOINT WARNING * * *
You can move again.
You scratch Grinder. Your kick misses Grinder.
Grinder is severely wounded.
Grinder hits you.
* * * LOW HITPOINT WARNING * * *
You writhe in agony.
You die...

##### !.######...
#####........# ####
z###..?### #.<#.....
_..z..⌠...#####...##..
..###...#.@5..†........
#####....†.........
.................#
....................
##############......
...... ..... ..


You could see Grinder and a wight (wandering).

Vanquished Creatures
  A hound (D:5)
  An iguana (D:5)
  An adder (D:2)
  2 worms
  2 dart slugs
  An orc (D:4)
  7 endoplasms
  2 giant cockroaches
  3 goblins
  6 hobgoblins
  5 jackals
  A kobold (D:1)
  4 quokkas
  6 ball pythons
  3 bats
  5 frilled lizards
  3 rats
53 creatures vanquished.

Vanquished Creatures (others)
  5 plants (D:2)
5 creatures vanquished.

Grand Total: 58 creatures vanquished

Notes
Turn   | Place    | Note
-------+----------+-------------------------------------------
     0 | D:1      | quakins the Troll Transmuter began the quest for the Orb.
     0 | D:1      | Reached XP level 1. HP: 18/18 MP: 1/1
   257 | D:1      | Reached XP level 2. HP: 26/26 MP: 2/2
   469 | D:1      | Found a faded altar of an unknown god.
   795 | D:2      | Reached XP level 3. HP: 31/32 MP: 3/3
   962 | D:2      | Learned a level 2 spell: Wereblood
  1108 | D:2      | Identified the +5 whip "Mostulie" {venom, rF+}
  1493 | D:3      | Identified the +1 buckler "Locidibbo" {Drain Fly Int+4
                  | SInv}
  1874 | D:3      | Found a hazy altar of Hepliaklqana.
  1907 | D:3      | Reached XP level 4. HP: 40/40 MP: 4/4
  1965 | D:4      | Found Folom's Jewellery Emporium.
  1983 | D:4      | Found a blossoming altar of Fedhas.
  2004 | D:4      | Noticed Sigmund
  2164 | D:4      | Noticed Duvessa
  2164 | D:4      | Noticed Dowan
  2173 | D:5      | Entered Level 5 of the Dungeon
  2190 | D:5      | Noticed Grinder
  2191 | D:5      | Found a white marble altar of Elyvilon.
  2194 | D:5      | Paralysed by Grinder for 3 turns
  2202 | D:5      | Paralysed by Grinder for 3 turns
  2206 | D:5      | Slain by Grinder

Illustrated notes

Levels and vault maps discovered:
D:1:      matt_arrival_los_fun, layout_loops_ring,
          hellmonk_ecumenical_altar_leap_of_faith, minivault_25
D:2:      layout_rooms, hangedman_decor_opposing, serial_bayou_lake_a
D:3:      layout_rooms, worldfamousw_hep_ancestral_shrine, nicolae_hexahallways,
          kennysheep_generic_room_10
D:4:      layout_basic, fedhas_ov_isle_minmay, lemuel_round_altar, serial_shops,
          nicolae_shop_hallway_stairs, kennysheep_small_circle, uniq_duvessa,
          uniq_sigmund
D:5:      layout_basic, elyvilon_altar_1, minmay_temple_entry_sparse_star,
          uniq_prince_ribbit1, uniq_crazy_yiuf_cottage, uniq_grinder

Skill      XL: |  1  2  3 |
---------------+----------+-----
Transmutations | 2 3 |  3.9
Fighting       | |  0.7
Dodging        | |  1.5
Unarmed Combat | |  3.0
Spellcasting   | |  1.2

Action                   |  1- 3 |  4- 6 || total
-------------------------+-------+-------++-------
Melee: Unarmed           |   118 |    29 ||   147
       Punch             |     3 |       ||     3
       Kick              |     2 |       ||     2
       Headbutt          |       |     1 ||     1
 Cast: Beastly Appendage |     1 |     2 ||     3
 Stab: Sleeping          |     2 |       ||     2
Armor: Robe              |    58 |     8 ||    66
Dodge: Dodged            |    58 |     7 ||    65
